 Dungeon Crawl Stone Soup version 0.18-a0-1211-g828307d (webtiles) character file.

73 Duffy the Shield-Bearer (level 4, 0/35 HPs)
             Began as a Formicid Fighter on Feb 2, 2016.
             Succumbed to a worker ant's poison
             ... on level 4 of the Dungeon.
             The game lasted 00:00:56 (1137 turns).

Duffy the Shield-Bearer (Formicid Fighter)          Turns: 1137, Time: 00:00:56

Health: 0/35       AC:  6    Str: 22    XL:     4   Next: 51%
Magic:  4/4        EV:  8    Int:  7    God:
Gold:   43         SH: 10    Dex: 10    Spells: 0 memorised, 3 levels left

rFire  . . .     SeeInvis +     a - +0 long sword
rCold  . . .     Gourm    .     b - +0 scale mail
rNeg   . . .     Faith    .     c - +0 shield
rPois  .         Spirit   .     (helmet unavailable)
rElec  .         Dismiss  .     (no cloak)
rCorr  .         Reflect  .     (no gloves)
SustAt .         Harm     .     (no boots)
MR     .....                    (no amulet)
Stlth  ..........               (no ring)
                                i - ring of flight

@: lethally poisoned (0 -> -4), not resistant to hostile enchantments, extremely
unstealthy
A: permanent stasis, dig shafts and tunnels, four strong arms, antennae 3
a: Dig, Shaft Self, Evoke Flight


You were on level 4 of the Dungeon.
You were not hungry.

You visited 1 branch of the dungeon, and saw 4 of its levels.

You collected 43 gold pieces.


Innate Abilities, Weirdness & Mutations

You are under a permanent stasis effect.
You can dig through walls and to a lower floor.
Your four strong arms can wield two-handed weapons with a shield.
You have a pair of large antennae on your head (SInv).


   Skills:
 - Level 3.2 Fighting
 + Level 3.4 Long Blades
 - Level 3.2 Armour
 + Level 4.9 Shields


You had 3 spell levels left.
You didn't know any spells.

Inventory:

Hand Weapons
 a - a +0 long sword (weapon)
Armour
 b - a +0 scale mail (worn)
 c - a +0 shield (worn)
Jewellery
 i - a ring of flight (left hand)
Scrolls
 g - a scroll of recharging {unknown}
 h - a scroll of identify {unknown}
 j - a scroll of enchant armour {unknown}
 n - a scroll of remove curse {unknown}
Potions
 d - a potion of might
 e - 3 potions of curing {unknown}
 k - a potion of agility {unknown}
 l - a potion of magic {unknown}
Comestibles
 f - 2 bread rations
 m - a chunk of flesh

Dungeon Overview and Level Annotations

Branches:
Dungeon (4/15)
 Temple: D:4-7

Altars:
Gozag

Annotations:
D:3 namelastname112's ghost, amateur DrSk


Message History

You are too injured to fight recklessly!
You are too injured to fight recklessly!
You are too injured to fight recklessly!
You are too injured to fight recklessly!
You are too injured to fight recklessly!
You are too injured to fight recklessly!
You are too injured to fight recklessly!
You are too injured to fight recklessly!
You are too injured to fight recklessly!
You are too injured to fight recklessly!
You are too injured to fight recklessly!
You are too injured to fight recklessly!
You are too injured to fight recklessly!
You are too injured to fight recklessly!
You are too injured to fight recklessly!
You are too injured to fight recklessly!
You are too injured to fight recklessly!
You are too injured to fight recklessly!
You are too injured to fight recklessly!
You hit the worker ant.
The worker ant is severely wounded.
You feel sick. The worker ant barely misses you.
Your shield and scale mail prevent you from hitting the worker ant.
The worker ant is severely wounded.
The worker ant bites you. You block the worker ant's attack.
You slash the worker ant!
You kill the worker ant!
You feel sick. The hound bites you.
You miss the hound. The hound completely misses you. The hound bites you.
You hit the hound.
The hound is moderately wounded.
The hound bites you but does no damage. The hound bites you. x2
You closely miss the hound.
The hound is moderately wounded.
You die...

..>..# .. ..#.$# ...#.
...# #.#..#######
#...#.....# #.#.........
#......#..###.#.#.......
#......#..(.......J.....
.......#.#####..#.......
.#.......#####..#.......
.#.........@hJ..#......%
.........########....$..
#..[..#..# #......
######.##..#.[## ...h..
...........#...# .....#
.......#...#.{.#
.......<...#...#
...............#
......#.#..##..###


You could see a hound and an ooze.

Action                   |  1- 3 |  4- 6 || total
-------------------------+-------+-------++-------
Melee: Long sword        |    56 |    24 ||    80
  Eat: Chunk             |       |     1 ||     1

Notes
Turn   | Place    | Note
--------------------------------------------------------------
     0 | D:1      | Duffy the Formicid Fighter began the quest for the Orb.
     0 | D:1      | Reached XP level 1. HP: 18/18 MP: 1/1
    91 | D:1      | Reached XP level 2. HP: 16/24 MP: 2/2
   228 | D:1      | Reached skill level 4 in Shields
   323 | D:2      | Found an opulent altar of Gozag.
   756 | D:2      | Reached XP level 3. HP: 29/29 MP: 3/3
   989 | D:3      | Noticed namelastname112's ghost (amateur DrSk)
  1000 | D:4      | Reached skill level 3 in Long Blades
  1000 | D:4      | Reached XP level 4. HP: 35/35 MP: 4/4
  1137 | D:4      | Succumbed to a worker ant's poison

Vault maps used:
D:1:      dpeg_arrival_prison
D:2:      lemuel_doored_altar, minmay_misc_feat_doors, st_stairs_1
D:3:      first_bread, uniq_natasha
D:4:      gammafunk_temple_overflow_elements, serial_shops,
          nicolae_shop_window_shopping

Vanquished Creatures
  A centaur skeleton
  A worker ant
  A bat
  A giant cockroach
  5 goblins
  A hobgoblin
  4 jackals
  2 kobolds
  A quokka
  A giant newt
  3 rats
21 creatures vanquished.
